Kings vs Flyers

Created - 1 décembre 2020 at 20:49

Goals
1 2 3 OT1 T
Kings 3 0 0 0 3
Flyers 1 1 1 1 4
Shots
1 2 3 OT1 T
Kings 13 12 13 1 39
Flyers 12 6 12 3 33

1st period

1. Kings , Corey Perry 3 (Lucas Wallmark 2, Nicolas Hague 3) at 1:39
2. Flyers , Paul Stastny 9 (Victor Hedman 11) at 10:39
3. Kings , Andre Burakovsky 4 (Jesper Fast 7, Marc-Edouard Vlasic 5) at 14:24
4. Kings , Andre Burakovsky 5 (John Moore 3, Jesper Fast 8) at 15:45

Penalties :
Nick Paul (LOS) for Hooking (Minor) at 1:40, Jesper Fast (LOS) for Tripping (Minor) at 4:21, Ryan Graves (PHI) for Holding (Minor) at 6:44, Paul Stastny (PHI) for Tripping (Minor) at 11:41, Nick Bjugstad (LOS) for Interference (Minor) at 18:57

2nd period

5. Flyers , Jamie Benn 7 (Jakub Voracek 8, Jonas Brodin 7) at 17:36

Penalties :
Victor Hedman (PHI) for Roughing (Minor) at 1:27, Rickard Rakell (LOS) for Hooking (Minor) at 5:57, Tomas Tatar (PHI) for Hooking (Minor) at 18:30

3rd period

6. Flyers , Jamie Benn 8 (Jonas Brodin 8, Jakub Voracek 9) at 11:39

Penalties :
Anthony Bitetto (LOS) for Hooking (Minor) at 2:33, Ryan Graves (PHI) for Roughing (Minor) at 18:13

Overtime #1

7. Flyers , William Nylander 2 (Brendan Gallagher 8, Victor Hedman 12) at 2:18

Penalties :
No Penalty

Goalie Stats

David Rittich (LOS), 29 saves from 33 shots - (0,879), OTL, 6-3-1, 62:19 minutes
Pavel Francouz (PHI), 36 saves from 39 shots - (0,923), W, 8-6-0, 62:19 minutes

Players Stats for Kings

Player Name              G  A  P  +/- PIM S  H  SB GA TA FO     MP     PP MP  PK MP  
------------------------------------------------------------------------------------
Andre Burakovsky         2  0  2   0  0   5  0  0  0  0  1/5    21:18   5:07   4:02 
Anthony Bitetto          0  0  0   1  2   0  2  0  0  0  0/0    12:16   0:00   0:32 
Conor Sheary             0  0  0  -1  0   0  0  0  0  0  0/0     4:57   0:00   0:44 
Corey Perry              1  0  1   1  0   3  1  0  0  0  0/0    10:18   0:00   0:00 
Jack Johnson             0  0  0   0  0   0  3  4  0  0  0/0    27:42   5:05   4:53 
Jesper Fast              0  2  2   0  2   2  1  1  0  0  0/1    16:09   5:07   0:00 
John Moore               0  1  1  -1  0   1  1  0  0  0  0/0    21:20   4:37   4:30 
Jonathan Toews           0  0  0  -1  0   10 0  0  0  0  24/43  26:23   4:35   5:46 
Jordan Eberle            0  0  0   0  0   6  1  0  0  0  0/2    23:27   4:35   2:57 
Justin Williams          0  0  0  -1  0   1  0  0  0  0  0/0     5:09   0:00   0:56 
Lucas Wallmark           0  1  1   1  0   1  2  0  0  0  5/14   10:18   0:00   0:00 
Marc-Edouard Vlasic      0  1  1  -1  0   1  0  1  0  0  0/0    27:36   5:05   4:53 
Marco Scandella          0  0  0  -1  0   3  1  1  0  0  0/0    21:20   4:37   4:30 
Nick Bjugstad            0  0  0  -1  2   0  0  0  0  0  6/9     4:44   0:00   0:32 
Nick Paul                0  0  0   0  2   0  3  0  0  0  10/23  16:09   5:07   0:00 
Nicolas Hague            0  1  1   1  0   0  3  0  0  0  0/0    12:17   0:00   0:32 
Rickard Rakell           0  0  0  -1  2   4  1  0  0  0  0/1    25:29   4:35   4:53 
Zemgus Girgensons        0  0  0   1  0   2  0  0  0  0  0/0    10:18   0:00   0:00 

Players Stats for Flyers

Player Name              G  A  P  +/- PIM S  H  SB GA TA FO     MP     PP MP  PK MP  
------------------------------------------------------------------------------------
Brendan Gallagher        0  1  1   2  0   5  3  0  0  0  2/3    18:36   4:51   0:00 
Jake Debrusk             0  0  0  -1  0   0  1  0  0  0  0/0    10:27   0:00   0:28 
Jakub Voracek            0  2  2   1  0   3  0  0  0  0  0/3    18:06   4:51   0:00 
Jamie Benn               2  0  2   1  0   4  1  1  0  0  12/27  17:58   4:51   0:00 
Joel Eriksson Ek         0  0  0  -1  0   1  0  0  0  0  10/18  12:35   0:00   2:36 
Johan Larsson            0  0  0   0  0   1  0  0  0  0  12/19  12:01   0:00   6:59 
Jonas Brodin             0  2  2   2  0   1  1  2  0  0  0/0    25:05   5:25   3:54 
Nick Schmaltz            0  0  0  -1  0   3  0  0  0  0  1/1     9:59   0:00   0:00 
Nino Niederreiter        0  0  0   0  0   0  0  0  0  0  0/1     9:34   0:00   4:32 
Noah Hanifin             0  0  0  -1  0   0  0  3  0  0  0/0    23:25   4:48   6:01 
Ondrej Kase              0  0  0   0  0   1  0  0  0  0  0/0     5:02   0:00   0:00 
Paul Stastny             1  0  1   0  2   3  2  0  0  0  12/21  18:09   5:04   0:07 
Rasmus Andersson         0  0  0  -1  0   1  1  1  0  0  0/0    20:16   4:30   3:54 
Ryan Graves              0  0  0  -1  4   0  0  0  0  0  0/0    12:25   0:00   1:42 
Tomas Tatar              0  0  0   0  2   2  1  0  0  0  0/1    22:44   5:04   4:42 
Victor Hedman            0  2  2   3  2   2  0  1  0  0  0/0    28:33   5:07   4:19 
Vince Dunn               0  0  0  -1  0   0  0  0  0  0  0/0    12:45   0:00   0:00 
William Nylander         1  0  1   1  0   6  0  0  0  0  3/4    19:30   5:04   0:13 

3 Stars

1 - Jamie Benn (PHI)
2 - Andre Burakovsky (LOS)
3 - Jonas Brodin (PHI)

Power Play

Kings - 0 on 5 Attempt(s) - 0,00%
Flyers - 0 on 5 Attempt(s) - 0,00%

Penalty Kill

Kings - 5 on 5 Attempt(s) - 100,00% - Score 0 goal in Penalty Kill
Flyers - 5 on 5 Attempt(s) - 100,00% - Score 0 goal in Penalty Kill

Team Stat

Kings - Hits : 19 - Faceoff Wins : 46 - Blocked Shots : 7 - Penalty Minutes : 10
Flyers - Hits : 10 - Faceoff Wins : 52 - Blocked Shots : 8 - Penalty Minutes : 10

Official

Referees : Justin St. Pierre and Beaudry Halkidis
Linesman : Jesse Marquis and Jake Davis

Game Notes

No Game Note

Finance

Level 1 -- Attendance: 5896 (90,71%) -- Ticket Income 648 560 $
Level 2 -- Attendance: 5000 (100,00%) -- Ticket Income 375 000 $
Level 3 -- Attendance: 3500 (100,00%) -- Ticket Income 196 000 $
Level 4 -- Attendance: 1565 (100,00%) -- Ticket Income 62 600 $
Luxury Box -- Attendance: 1000 (100,00%) -- Ticket Income 199 000 $
Game was played at the Wells Fargo Center.
Total Attendance: 16961 (96,56%)
Total Ticket Income: 1 481 160 $
Other Income: 725 768 $
Total Income: 2 206 928 $

% Time on Ice - Kings

Lines # - Real PCT - Wanted PCT - Time Play
Normal Forward
1 - 37% - 40% - 14:49
2 - 27% - 30% - 11:03
3 - 26% - 20% - 10:18
4 - 10% - 10% - 4:13
Normal Defense
1 - 41% - 40% - 16:25
2 - 30% - 30% - 12:13
3 - 29% - 20% - 11:45
4 - 0% - 10% - 0:00
PP Forward
1 - 47% - 60% - 4:35
2 - 53% - 40% - 5:07
PP Defense
1 - 52% - 60% - 5:05
2 - 48% - 40% - 4:37
PK Forward
1 - 70% - 60% - 6:58
2 - 30% - 40% - 2:57
PK Defense
1 - 55% - 60% - 5:25
2 - 45% - 40% - 4:30
PK3 Forward
1 - 0% - 60%
2 - 0% - 40%
PK3 Defense
1 - 0% - 60%
2 - 0% - 40%
44 Forward
1 - 100% - 60% - 0:13
2 - 0% - 40% - 0:00
44 Defense
1 - 100% - 60% - 0:13
2 - 0% - 40% - 0:00
Last Minute Offensive  - 0:00
Last Minute Defensive  - 0:00
Total
Forward - 60:13
Defense - 60:13

% Time on Ice - Flyers

Lines # - Real PCT - Wanted PCT - Time Play
Normal Forward
1 - 31% - 30% - 12:23
2 - 32% - 30% - 12:59
3 - 25% - 25% - 9:59
4 - 12% - 15% - 5:02
Normal Defense
1 - 39% - 40% - 15:46
2 - 29% - 30% - 11:52
3 - 27% - 20% - 10:45
4 - 5% - 10% - 2:00
PP Forward
1 - 49% - 60% - 4:51
2 - 51% - 40% - 5:04
PP Defense
1 - 55% - 60% - 5:25
2 - 45% - 40% - 4:30
PK Forward
1 - 73% - 60% - 7:06
2 - 27% - 40% - 2:36
PK Defense
1 - 61% - 60% - 5:56
2 - 39% - 40% - 3:46
PK3 Forward
1 - 100% - 60% - 0:13
2 - 0% - 40% - 0:00
PK3 Defense
1 - 38% - 60% - 0:05
2 - 62% - 40% - 0:08
44 Forward
1 - 0% - 60%
2 - 0% - 40%
44 Defense
1 - 0% - 60%
2 - 0% - 40%
Last Minute Offensive  - 0:00
Last Minute Defensive  - 0:00
Total
Forward - 60:13
Defense - 60:13

Play-by-Play

1st period


0:01 of 1st period - Jonathan Toews wins face-off versus Jamie Benn in neutral zone.
0:06 of 1st period - Shot by Jonathan Toews.
0:06 of 1st period - Shot Misses the Net.
0:36 of 1st period - Shot by Jamie Benn.
0:36 of 1st period - Shot Misses the Net.
1:22 of 1st period - Icing by Paul Stastny.
1:23 of 1st period - Paul Stastny wins face-off versus Nick Paul in Flyers zone.
1:28 of 1st period - Shot by William Nylander.
1:28 of 1st period - Stopped by David Rittich without a rebound.
1:29 of 1st period - Joel Eriksson Ek wins face-off versus Lucas Wallmark in Kings zone.
1:29 of 1st period - Nick Schmaltz is hit by Nicolas Hague and loses puck.
1:39 of 1st period - Shot by Corey Perry.
1:39 of 1st period - Goal by Corey Perry - Kings : 1 - Flyers : 0.
1:40 of 1st period - Johan Larsson wins face-off versus Nick Paul in neutral zone.
1:40 of 1st period - Minor Penalty to Nick Paul for Hooking.
1:41 of 1st period - Jonathan Toews wins face-off versus Jamie Benn in Kings zone.
1:41 of 1st period - Jonathan Toews is hit by Brendan Gallagher.
1:56 of 1st period - Icing by Jonas Brodin.
1:57 of 1st period - Jamie Benn wins face-off versus Jonathan Toews in Flyers zone.
2:27 of 1st period - Shot by Jordan Eberle.
2:27 of 1st period - Shot Misses the Net.
2:51 of 1st period - Shot by Rasmus Andersson.
2:51 of 1st period - Shot Hit the Post.
2:57 of 1st period - Shot by Tomas Tatar.
2:57 of 1st period - Shot Misses the Net.
2:59 of 1st period - Shot by Paul Stastny.
2:59 of 1st period - Stopped by David Rittich without a rebound.
3:00 of 1st period - Jonathan Toews wins face-off versus Paul Stastny in Kings zone.
3:00 of 1st period - Jonathan Toews is hit by Tomas Tatar.
3:24 of 1st period - Shot by William Nylander.
3:24 of 1st period - Stopped by David Rittich without a rebound.
3:25 of 1st period - Jamie Benn wins face-off versus Jordan Eberle in Kings zone.
3:36 of 1st period - Shot by Brendan Gallagher.
3:36 of 1st period - Stopped by David Rittich without a rebound.
3:37 of 1st period - Jamie Benn wins face-off versus Jonathan Toews in Kings zone.
3:57 of 1st period - Shot by Lucas Wallmark.
3:57 of 1st period - Stopped by Pavel Francouz without a rebound.
3:58 of 1st period - Nick Paul wins face-off versus Johan Larsson in Flyers zone.
4:21 of 1st period - Minor Penalty to Jesper Fast for Tripping.
4:22 of 1st period - Brendan Gallagher wins face-off versus Jonathan Toews in Kings zone.
4:29 of 1st period - Shot by Jamie Benn.
4:29 of 1st period - Shot Misses the Net.
4:47 of 1st period - Shot by Jakub Voracek.
4:47 of 1st period - Shot Misses the Net.
4:55 of 1st period - Shot by Jamie Benn.
4:55 of 1st period - Shot Blocked by Jack Johnson.
4:57 of 1st period - Shot by Rasmus Andersson.
4:57 of 1st period - Shot Misses the Net.
4:59 of 1st period - Shot by Jamie Benn.
4:59 of 1st period - Shot Misses the Net.
5:01 of 1st period - Shot by Rasmus Andersson.
5:01 of 1st period - Shot Blocked by Jack Johnson.
5:26 of 1st period - Icing by Jonas Brodin.
5:27 of 1st period - Paul Stastny wins face-off versus Andre Burakovsky in Flyers zone.
6:41 of 1st period - Shot by Corey Perry.
6:41 of 1st period - Shot Misses the Net.
6:44 of 1st period - Minor Penalty to Ryan Graves for Holding.
6:45 of 1st period - Johan Larsson wins face-off versus Nick Paul in Flyers zone.
7:12 of 1st period - Shot by Marc-Edouard Vlasic.
7:12 of 1st period - Shot Misses the Net.
7:43 of 1st period - Shot by Jordan Eberle.
7:43 of 1st period - Stopped by Pavel Francouz without a rebound.
7:44 of 1st period - Joel Eriksson Ek wins face-off versus Jonathan Toews in Flyers zone.
9:05 of 1st period - Icing by Nicolas Hague.
9:06 of 1st period - Nick Bjugstad wins face-off versus Joel Eriksson Ek in Kings zone.
9:08 of 1st period - Conor Sheary is hit by Jake Debrusk and loses puck.
9:39 of 1st period - Icing by Anthony Bitetto.
9:40 of 1st period - Nick Bjugstad wins face-off versus Jamie Benn in Kings zone.
9:57 of 1st period - Shot by Brendan Gallagher.
9:57 of 1st period - Shot Misses the Net.
10:03 of 1st period - Shot by Brendan Gallagher.
10:03 of 1st period - Shot Blocked by Marco Scandella.
10:05 of 1st period - Shot by Rasmus Andersson.
10:05 of 1st period - Stopped by David Rittich with a rebound.
10:17 of 1st period - Shot by Brendan Gallagher.
10:17 of 1st period - Stopped by David Rittich without a rebound.
10:18 of 1st period - Paul Stastny wins face-off versus Nick Paul in Kings zone.
10:36 of 1st period - Paul Stastny is hit by Jack Johnson and loses puck.
10:39 of 1st period - Shot by Paul Stastny.
10:39 of 1st period - Goal by Paul Stastny - Kings : 1 - Flyers : 1.
10:40 of 1st period - Johan Larsson wins face-off versus Jonathan Toews in neutral zone.
11:02 of 1st period - Shot by Ondrej Kase.
11:02 of 1st period - Stopped by David Rittich without a rebound.
11:03 of 1st period - Paul Stastny wins face-off versus Nick Paul in Kings zone.
11:41 of 1st period - Minor Penalty to Paul Stastny for Tripping.
11:42 of 1st period - Johan Larsson wins face-off versus Jonathan Toews in Flyers zone.
11:51 of 1st period - Shot by Jonathan Toews.
11:51 of 1st period - Stopped by Pavel Francouz without a rebound.
11:52 of 1st period - Johan Larsson wins face-off versus Jonathan Toews in Flyers zone.
12:07 of 1st period - Shot by Rickard Rakell.
12:07 of 1st period - Shot Blocked by Noah Hanifin.
12:09 of 1st period - Shot by John Moore.
12:09 of 1st period - Shot Misses the Net.
12:11 of 1st period - Shot by Rickard Rakell.
12:11 of 1st period - Shot Misses the Net.
12:19 of 1st period - Shot by Rickard Rakell.
12:19 of 1st period - Shot Blocked by Victor Hedman.
12:21 of 1st period - Shot by Marco Scandella.
12:21 of 1st period - Stopped by Pavel Francouz with a rebound.
12:23 of 1st period - Shot by John Moore.
12:23 of 1st period - Stopped by Pavel Francouz without a rebound.
12:24 of 1st period - Nick Paul wins face-off versus Joel Eriksson Ek in Flyers zone.
12:41 of 1st period - Shot by Andre Burakovsky.
12:41 of 1st period - Shot Misses the Net.
13:43 of 1st period - Shot by Corey Perry.
13:43 of 1st period - Stopped by Pavel Francouz without a rebound.
13:44 of 1st period - Jamie Benn wins face-off versus Lucas Wallmark in Flyers zone.
13:51 of 1st period - Shot by Brendan Gallagher.
13:51 of 1st period - Stopped by David Rittich without a rebound.
13:52 of 1st period - Lucas Wallmark wins face-off versus Jamie Benn in Kings zone.
13:56 of 1st period - Off-side.
13:57 of 1st period - Jamie Benn wins face-off versus Nick Paul in neutral zone.
14:24 of 1st period - Shot by Andre Burakovsky.
14:24 of 1st period - Goal by Andre Burakovsky - Kings : 2 - Flyers : 1.
14:25 of 1st period - Jonathan Toews wins face-off versus Paul Stastny in neutral zone.
14:36 of 1st period - Shot by Jonathan Toews.
14:36 of 1st period - Stopped by Pavel Francouz without a rebound.
14:37 of 1st period - Lucas Wallmark wins face-off versus Joel Eriksson Ek in Flyers zone.
14:38 of 1st period - Shot by Corey Perry.
14:38 of 1st period - Stopped by Pavel Francouz without a rebound.
14:39 of 1st period - Paul Stastny wins face-off versus Jonathan Toews in Flyers zone.
14:50 of 1st period - Icing by Jonathan Toews.
14:51 of 1st period - Jonathan Toews wins face-off versus Joel Eriksson Ek in Kings zone.
15:12 of 1st period - Shot by Nick Schmaltz.
15:12 of 1st period - Stopped by David Rittich without a rebound.
15:13 of 1st period - Nick Paul wins face-off versus Paul Stastny in Kings zone.
15:45 of 1st period - Shot by Andre Burakovsky.
15:45 of 1st period - Goal by Andre Burakovsky - Kings : 3 - Flyers : 1.
15:46 of 1st period - Jamie Benn wins face-off versus Jonathan Toews in neutral zone.
16:03 of 1st period - Shot by Brendan Gallagher.
16:03 of 1st period - Shot Misses the Net.
16:59 of 1st period - Shot by Zemgus Girgensons.
16:59 of 1st period - Stopped by Pavel Francouz without a rebound.
17:00 of 1st period - Joel Eriksson Ek wins face-off versus Nick Paul in Flyers zone.
17:00 of 1st period - Joel Eriksson Ek is hit by Nick Paul.
17:23 of 1st period - Jesper Fast is hit by Jonas Brodin and loses puck.
18:03 of 1st period - Paul Stastny is hit by Jack Johnson and loses puck.
18:30 of 1st period - Icing by Ryan Graves.
18:31 of 1st period - Paul Stastny wins face-off versus Jonathan Toews in Flyers zone.
18:52 of 1st period - Shot by Rickard Rakell.
18:52 of 1st period - Stopped by Pavel Francouz without a rebound.
18:53 of 1st period - Nick Bjugstad wins face-off versus Johan Larsson in Flyers zone.
18:57 of 1st period - Minor Penalty to Nick Bjugstad for Interference.
18:58 of 1st period - Jonathan Toews wins face-off versus Jakub Voracek in Kings zone.
19:33 of 1st period - Shot by Jonas Brodin.
19:33 of 1st period - Stopped by David Rittich with a rebound.
19:35 of 1st period - Shot by Jamie Benn.
19:35 of 1st period - Stopped by David Rittich without a rebound.
19:36 of 1st period - Jonathan Toews wins face-off versus Paul Stastny in Kings zone.
19:44 of 1st period - Tomas Tatar is hit by Jordan Eberle.
19:48 of 1st period - Shot by Tomas Tatar.
19:48 of 1st period - Shot Misses the Net.
Goals for this period are 3 for Kings vs 1 for Flyers.
Shots for this period are 13 for Kings vs 12 for Flyers.

2nd period


0:01 of 2nd period - Jonathan Toews wins face-off versus Jamie Benn in neutral zone.
0:17 of 2nd period - Shot by Jakub Voracek.
0:17 of 2nd period - Stopped by David Rittich without a rebound.
0:18 of 2nd period - Paul Stastny wins face-off versus Rickard Rakell in Kings zone.
0:18 of 2nd period - Paul Stastny is hit by Jack Johnson.
1:27 of 2nd period - Minor Penalty to Victor Hedman for Roughing.
1:28 of 2nd period - Johan Larsson wins face-off versus Jesper Fast in Flyers zone.
2:07 of 2nd period - Shot by Nick Paul.
2:07 of 2nd period - Shot Misses the Net.
3:28 of 2nd period - Icing by Jesper Fast.
3:29 of 2nd period - Jamie Benn wins face-off versus Lucas Wallmark in Kings zone.
3:34 of 2nd period - Shot by Jakub Voracek.
3:34 of 2nd period - Stopped by David Rittich without a rebound.
3:35 of 2nd period - Joel Eriksson Ek wins face-off versus Lucas Wallmark in Kings zone.
3:54 of 2nd period - Shot by Zemgus Girgensons.
3:54 of 2nd period - Stopped by Pavel Francouz without a rebound.
3:55 of 2nd period - Jonathan Toews wins face-off versus Jamie Benn in Flyers zone.
3:56 of 2nd period - Shot by Rickard Rakell.
3:56 of 2nd period - Shot Misses the Net.
3:58 of 2nd period - Shot by Rickard Rakell.
3:58 of 2nd period - Shot Misses the Net.
4:12 of 2nd period - Shot by Rickard Rakell.
4:12 of 2nd period - Shot Misses the Net.
4:14 of 2nd period - Shot by Jordan Eberle.
4:14 of 2nd period - Stopped by Pavel Francouz without a rebound.
4:15 of 2nd period - Joel Eriksson Ek wins face-off versus Lucas Wallmark in Flyers zone.
4:15 of 2nd period - Joel Eriksson Ek is hit by Corey Perry.
5:32 of 2nd period - Shot by Jonathan Toews.
5:32 of 2nd period - Shot Misses the Net.
5:57 of 2nd period - Minor Penalty to Rickard Rakell for Hooking.
5:58 of 2nd period - Jonathan Toews wins face-off versus Paul Stastny in Kings zone.
6:29 of 2nd period - Shot by Tomas Tatar.
6:29 of 2nd period - Shot Blocked by Jack Johnson.
8:41 of 2nd period - Off-side.
8:42 of 2nd period - Nick Schmaltz wins face-off versus Jonathan Toews in neutral zone.
8:57 of 2nd period - Shot by Rickard Rakell.
8:57 of 2nd period - Deflect By Jonathan Toews.
8:57 of 2nd period - Stopped by Pavel Francouz without a rebound.
8:58 of 2nd period - Nick Bjugstad wins face-off versus Jamie Benn in Flyers zone.
9:01 of 2nd period - Shot by Conor Sheary.
9:01 of 2nd period - Shot Misses the Net.
9:07 of 2nd period - Justin Williams is hit by Brendan Gallagher and loses puck.
9:26 of 2nd period - Shot by Jakub Voracek.
9:26 of 2nd period - Shot Misses the Net.
9:52 of 2nd period - Icing by Joel Eriksson Ek.
9:53 of 2nd period - Joel Eriksson Ek wins face-off versus Jonathan Toews in Flyers zone.
10:10 of 2nd period - Shot by Jonathan Toews.
10:10 of 2nd period - Shot Misses the Net.
10:12 of 2nd period - Shot by Jonathan Toews.
10:12 of 2nd period - Stopped by Pavel Francouz without a rebound.
10:13 of 2nd period - Paul Stastny wins face-off versus Nick Paul in Flyers zone.
10:49 of 2nd period - Paul Stastny is hit by Nick Paul and loses puck.
11:07 of 2nd period - Shot by Rickard Rakell.
11:07 of 2nd period - Shot Misses the Net.
11:09 of 2nd period - Shot by Jonathan Toews.
11:09 of 2nd period - Stopped by Pavel Francouz without a rebound.
11:10 of 2nd period - Lucas Wallmark wins face-off versus Joel Eriksson Ek in Flyers zone.
11:15 of 2nd period - Shot by John Moore.
11:15 of 2nd period - Shot Blocked by Jonas Brodin.
12:21 of 2nd period - Shot by Jakub Voracek.
12:21 of 2nd period - Shot Misses the Net.
12:23 of 2nd period - Shot by Jakub Voracek.
12:23 of 2nd period - Shot Misses the Net.
12:25 of 2nd period - Shot by Jamie Benn.
12:25 of 2nd period - Stopped by David Rittich without a rebound.
12:26 of 2nd period - Johan Larsson wins face-off versus Nick Paul in Kings zone.
13:12 of 2nd period - Shot by Jonathan Toews.
13:12 of 2nd period - Shot Blocked by Noah Hanifin.
13:14 of 2nd period - Shot by Marc-Edouard Vlasic.
13:14 of 2nd period - Stopped by Pavel Francouz with a rebound.
13:34 of 2nd period - Shot by Jonathan Toews.
13:34 of 2nd period - Deflect By Rickard Rakell.
13:34 of 2nd period - Stopped by Pavel Francouz with a rebound.
13:36 of 2nd period - Shot by Jonathan Toews.
13:36 of 2nd period - Shot Blocked by Noah Hanifin.
14:30 of 2nd period - Shot by William Nylander.
14:30 of 2nd period - Stopped by David Rittich without a rebound.
14:31 of 2nd period - Brendan Gallagher wins face-off versus Nick Paul in Kings zone.
14:49 of 2nd period - Shot by Nick Paul.
14:49 of 2nd period - Shot Misses the Net.
14:59 of 2nd period - Vince Dunn is hit by Jesper Fast and loses puck.
16:13 of 2nd period - Icing by Marco Scandella.
16:14 of 2nd period - Jonathan Toews wins face-off versus Paul Stastny in Kings zone.
16:25 of 2nd period - Shot by Jonathan Toews.
16:25 of 2nd period - Stopped by Pavel Francouz without a rebound.
16:26 of 2nd period - Nick Bjugstad wins face-off versus Nino Niederreiter in Flyers zone.
16:43 of 2nd period - Shot by Justin Williams.
16:43 of 2nd period - Stopped by Pavel Francouz without a rebound.
16:44 of 2nd period - Paul Stastny wins face-off versus Jonathan Toews in Flyers zone.
17:15 of 2nd period - Shot by William Nylander.
17:15 of 2nd period - Stopped by David Rittich without a rebound.
17:16 of 2nd period - Nick Paul wins face-off versus Jamie Benn in Kings zone.
17:16 of 2nd period - Nick Paul is hit by Jamie Benn.
17:22 of 2nd period - Shot by Andre Burakovsky.
17:22 of 2nd period - Deflect By Jesper Fast.
17:22 of 2nd period - Stopped by Pavel Francouz without a rebound.
17:23 of 2nd period - Andre Burakovsky wins face-off versus Jamie Benn in Flyers zone.
17:26 of 2nd period - Shot by Andre Burakovsky.
17:26 of 2nd period - Stopped by Pavel Francouz with a rebound.
17:34 of 2nd period - Shot by Jakub Voracek.
17:34 of 2nd period - Shot Misses the Net.
17:36 of 2nd period - Shot by Jamie Benn.
17:36 of 2nd period - Goal by Jamie Benn - Kings : 3 - Flyers : 2.
17:37 of 2nd period - Jonathan Toews wins face-off versus William Nylander in neutral zone.
17:41 of 2nd period - Off-side.
17:42 of 2nd period - Paul Stastny wins face-off versus Jonathan Toews in neutral zone.
18:30 of 2nd period - Minor Penalty to Tomas Tatar for Hooking.
18:31 of 2nd period - Nick Paul wins face-off versus Johan Larsson in Flyers zone.
18:36 of 2nd period - Shot by Andre Burakovsky.
18:36 of 2nd period - Shot Misses the Net.
19:28 of 2nd period - Shot by Rickard Rakell.
19:28 of 2nd period - Shot Misses the Net.
19:30 of 2nd period - Shot by Jonathan Toews.
19:30 of 2nd period - Shot Misses the Net.
19:40 of 2nd period - Shot by Jordan Eberle.
19:40 of 2nd period - Stopped by Pavel Francouz with a rebound.
19:42 of 2nd period - Shot by Marc-Edouard Vlasic.
19:42 of 2nd period - Shot Misses the Net.
Goals for this period are 0 for Kings vs 1 for Flyers.
Shots for this period are 12 for Kings vs 6 for Flyers.

3rd period


0:01 of 3rd period - Jonathan Toews wins face-off versus Johan Larsson in neutral zone.
0:08 of 3rd period - Shot by Jonathan Toews.
0:08 of 3rd period - Shot Misses the Net.
0:10 of 3rd period - Shot by Jonathan Toews.
0:10 of 3rd period - Stopped by Pavel Francouz without a rebound.
0:11 of 3rd period - Johan Larsson wins face-off versus Nick Paul in Flyers zone.
0:35 of 3rd period - Shot by Jordan Eberle.
0:35 of 3rd period - Shot Misses the Net.
0:45 of 3rd period - Marco Scandella is hit by Paul Stastny.
0:53 of 3rd period - Shot by Paul Stastny.
0:53 of 3rd period - Shot Hit the Post.
2:00 of 3rd period - Off-side.
2:01 of 3rd period - Nick Paul wins face-off versus Jamie Benn in neutral zone.
2:12 of 3rd period - Shot by Jakub Voracek.
2:12 of 3rd period - Shot Blocked by Jesper Fast.
2:25 of 3rd period - Brendan Gallagher is hit by Nicolas Hague and loses puck.
2:33 of 3rd period - Minor Penalty to Anthony Bitetto for Hooking.
2:34 of 3rd period - Jonathan Toews wins face-off versus Jakub Voracek in Kings zone.
2:51 of 3rd period - Shot by Brendan Gallagher.
2:51 of 3rd period - Stopped by David Rittich without a rebound.
2:52 of 3rd period - Jonathan Toews wins face-off versus Jamie Benn in Kings zone.
3:23 of 3rd period - Shot by Rickard Rakell.
3:23 of 3rd period - Stopped by Pavel Francouz without a rebound.
3:24 of 3rd period - Paul Stastny wins face-off versus Jordan Eberle in Flyers zone.
3:41 of 3rd period - Shot by Paul Stastny.
3:41 of 3rd period - Stopped by David Rittich without a rebound.
3:42 of 3rd period - Jonathan Toews wins face-off versus Tomas Tatar in Kings zone.
4:39 of 3rd period - Icing by Joel Eriksson Ek.
4:40 of 3rd period - Lucas Wallmark wins face-off versus Joel Eriksson Ek in Flyers zone.
5:03 of 3rd period - Icing by Joel Eriksson Ek.
5:04 of 3rd period - Nick Paul wins face-off versus Joel Eriksson Ek in Flyers zone.
5:23 of 3rd period - Shot by Joel Eriksson Ek.
5:23 of 3rd period - Deflect By Nick Schmaltz.
5:23 of 3rd period - Shot Misses the Net.
5:41 of 3rd period - Shot by Andre Burakovsky.
5:41 of 3rd period - Stopped by Pavel Francouz without a rebound.
5:42 of 3rd period - Jamie Benn wins face-off versus Jonathan Toews in Flyers zone.
5:48 of 3rd period - Victor Hedman is hit by John Moore and loses puck.
5:55 of 3rd period - Shot by Rickard Rakell.
5:55 of 3rd period - Stopped by Pavel Francouz without a rebound.
5:56 of 3rd period - Paul Stastny wins face-off versus Nick Bjugstad in Flyers zone.
7:48 of 3rd period - Icing by Jonas Brodin.
7:49 of 3rd period - Jamie Benn wins face-off versus Lucas Wallmark in Flyers zone.
7:49 of 3rd period - Jamie Benn is hit by Lucas Wallmark.
8:22 of 3rd period - Shot by Zemgus Girgensons.
8:22 of 3rd period - Shot Misses the Net.
8:30 of 3rd period - Shot by Nick Schmaltz.
8:30 of 3rd period - Stopped by David Rittich without a rebound.
8:31 of 3rd period - Johan Larsson wins face-off versus Nick Paul in Kings zone.
8:51 of 3rd period - Icing by Johan Larsson.
8:52 of 3rd period - Jonathan Toews wins face-off versus Johan Larsson in Flyers zone.
9:00 of 3rd period - Ondrej Kase is hit by Rickard Rakell and loses puck.
9:11 of 3rd period - Shot by Nino Niederreiter.
9:11 of 3rd period - Shot Blocked by Marc-Edouard Vlasic.
9:13 of 3rd period - Shot by Johan Larsson.
9:13 of 3rd period - Stopped by David Rittich with a rebound.
10:05 of 3rd period - Icing by Marc-Edouard Vlasic.
10:06 of 3rd period - Jonathan Toews wins face-off versus Jamie Benn in Kings zone.
10:29 of 3rd period - Shot by Jesper Fast.
10:29 of 3rd period - Stopped by Pavel Francouz without a rebound.
10:30 of 3rd period - Lucas Wallmark wins face-off versus Paul Stastny in Flyers zone.
10:56 of 3rd period - Paul Stastny is hit by Anthony Bitetto.
11:00 of 3rd period - Shot by Tomas Tatar.
11:00 of 3rd period - Stopped by David Rittich without a rebound.
11:01 of 3rd period - Nick Paul wins face-off versus Jamie Benn in Kings zone.
11:18 of 3rd period - Shot by Jakub Voracek.
11:18 of 3rd period - Stopped by David Rittich without a rebound.
11:19 of 3rd period - Joel Eriksson Ek wins face-off versus Nick Bjugstad in Kings zone.
11:33 of 3rd period - Icing by John Moore.
11:34 of 3rd period - Jamie Benn wins face-off versus Nick Bjugstad in Kings zone.
11:34 of 3rd period - Jakub Voracek is hit by Marco Scandella and loses puck.
11:39 of 3rd period - Shot by Jamie Benn.
11:39 of 3rd period - Goal by Jamie Benn - Kings : 3 - Flyers : 3.
11:40 of 3rd period - Jonathan Toews wins face-off versus Paul Stastny in neutral zone.
11:49 of 3rd period - Shot by Rickard Rakell.
11:49 of 3rd period - Shot Misses the Net.
12:29 of 3rd period - Marc-Edouard Vlasic is hit by Paul Stastny and loses puck.
13:06 of 3rd period - Andre Burakovsky is hit by Brendan Gallagher and loses puck.
13:15 of 3rd period - Shot by Brendan Gallagher.
13:15 of 3rd period - Stopped by David Rittich without a rebound.
13:16 of 3rd period - Joel Eriksson Ek wins face-off versus Lucas Wallmark in Kings zone.
13:19 of 3rd period - Shot by Jake Debrusk.
13:19 of 3rd period - Shot Misses the Net.
13:31 of 3rd period - Icing by Lucas Wallmark.
13:32 of 3rd period - Johan Larsson wins face-off versus Lucas Wallmark in Kings zone.
13:32 of 3rd period - Victor Hedman is hit by Anthony Bitetto.
14:39 of 3rd period - Shot by Tomas Tatar.
14:39 of 3rd period - Stopped by David Rittich without a rebound.
14:40 of 3rd period - Jonathan Toews wins face-off versus Jamie Benn in Kings zone.
14:47 of 3rd period - Shot by Jonathan Toews.
14:47 of 3rd period - Stopped by Pavel Francouz with a rebound.
14:56 of 3rd period - Icing by Vince Dunn.
14:57 of 3rd period - Nick Bjugstad wins face-off versus Jamie Benn in Flyers zone.
15:01 of 3rd period - Icing by Vince Dunn.
15:02 of 3rd period - Jonathan Toews wins face-off versus Jakub Voracek in Flyers zone.
15:03 of 3rd period - Shot by Rickard Rakell.
15:03 of 3rd period - Shot Misses the Net.
15:10 of 3rd period - Off-side.
15:11 of 3rd period - Nick Paul wins face-off versus Paul Stastny in neutral zone.
15:27 of 3rd period - Shot by Andre Burakovsky.
15:27 of 3rd period - Stopped by Pavel Francouz with a rebound.
16:05 of 3rd period - Shot by Jordan Eberle.
16:05 of 3rd period - Stopped by Pavel Francouz without a rebound.
16:06 of 3rd period - Joel Eriksson Ek wins face-off versus Lucas Wallmark in Flyers zone.
16:06 of 3rd period - Joel Eriksson Ek is hit by Lucas Wallmark.
16:19 of 3rd period - Icing by Joel Eriksson Ek.
16:20 of 3rd period - Jonathan Toews wins face-off versus Joel Eriksson Ek in Flyers zone.
16:20 of 3rd period - Rickard Rakell is hit by Rasmus Andersson and loses puck.
16:23 of 3rd period - Shot by Jonathan Toews.
16:23 of 3rd period - Stopped by Pavel Francouz without a rebound.
16:24 of 3rd period - Jamie Benn wins face-off versus Jonathan Toews in Flyers zone.
16:33 of 3rd period - Shot by Brendan Gallagher.
16:33 of 3rd period - Shot Misses the Net.
16:56 of 3rd period - Shot by Rickard Rakell.
16:56 of 3rd period - Shot Misses the Net.
16:58 of 3rd period - Shot by Jordan Eberle.
16:58 of 3rd period - Shot Blocked by Jamie Benn.
17:00 of 3rd period - Shot by Jordan Eberle.
17:00 of 3rd period - Stopped by Pavel Francouz with a rebound.
17:02 of 3rd period - Shot by Marco Scandella.
17:02 of 3rd period - Stopped by Pavel Francouz without a rebound.
17:03 of 3rd period - Joel Eriksson Ek wins face-off versus Nick Paul in Flyers zone.
17:03 of 3rd period - Nick Schmaltz is hit by Nick Paul and loses puck.
17:12 of 3rd period - Shot by Joel Eriksson Ek.
17:12 of 3rd period - Shot Misses the Net.
17:14 of 3rd period - Shot by Victor Hedman.
17:14 of 3rd period - Stopped by David Rittich with a rebound.
17:18 of 3rd period - Shot by Joel Eriksson Ek.
17:18 of 3rd period - Shot Blocked by Jack Johnson.
17:20 of 3rd period - Shot by Joel Eriksson Ek.
17:20 of 3rd period - Stopped by David Rittich with a rebound.
17:30 of 3rd period - Shot by Nick Schmaltz.
17:30 of 3rd period - Stopped by David Rittich with a rebound.
17:55 of 3rd period - Victor Hedman is hit by Nicolas Hague and loses puck.
18:13 of 3rd period - Minor Penalty to Ryan Graves for Roughing.
18:14 of 3rd period - Jonathan Toews wins face-off versus Johan Larsson in Flyers zone.
18:15 of 3rd period - Shot by Jordan Eberle.
18:15 of 3rd period - Stopped by Pavel Francouz without a rebound.
18:16 of 3rd period - Johan Larsson wins face-off versus Jonathan Toews in Flyers zone.
18:35 of 3rd period - Shot by Jonathan Toews.
18:35 of 3rd period - Shot Blocked by Rasmus Andersson.
18:37 of 3rd period - Shot by Jonathan Toews.
18:37 of 3rd period - Shot Misses the Net.
18:39 of 3rd period - Shot by Marco Scandella.
18:39 of 3rd period - Shot Blocked by Jonas Brodin.
18:41 of 3rd period - Shot by Marco Scandella.
18:41 of 3rd period - Stopped by Pavel Francouz without a rebound.
18:42 of 3rd period - Nick Paul wins face-off versus Johan Larsson in Flyers zone.
19:02 of 3rd period - Icing by Marc-Edouard Vlasic.
19:03 of 3rd period - Johan Larsson wins face-off versus Andre Burakovsky in Kings zone.
19:44 of 3rd period - Shot by Jonathan Toews.
19:44 of 3rd period - Shot Misses the Net.
Goals for this period are 0 for Kings vs 1 for Flyers.
Shots for this period are 13 for Kings vs 12 for Flyers.

Overtime #1


0:01 of 1st overtime period - William Nylander wins face-off versus Jonathan Toews in neutral zone.
0:46 of 1st overtime period - Shot by William Nylander.
0:46 of 1st overtime period - Stopped by David Rittich without a rebound.
0:47 of 1st overtime period - Jamie Benn wins face-off versus Andre Burakovsky in Kings zone.
1:18 of 1st overtime period - Shot by Jamie Benn.
1:18 of 1st overtime period - Shot Hit the Post.
1:33 of 1st overtime period - Icing by Jack Johnson.
1:34 of 1st overtime period - William Nylander wins face-off versus Andre Burakovsky in Kings zone.
1:50 of 1st overtime period - Shot by William Nylander.
1:50 of 1st overtime period - Shot Misses the Net.
1:52 of 1st overtime period - Shot by Victor Hedman.
1:52 of 1st overtime period - Stopped by David Rittich without a rebound.
1:53 of 1st overtime period - Jonathan Toews wins face-off versus Brendan Gallagher in Kings zone.
2:00 of 1st overtime period - Shot by Jonathan Toews.
2:00 of 1st overtime period - Stopped by Pavel Francouz without a rebound.
2:01 of 1st overtime period - William Nylander wins face-off versus Jonathan Toews in Flyers zone.
2:16 of 1st overtime period - Shot by Brendan Gallagher.
2:16 of 1st overtime period - Shot Misses the Net.
2:18 of 1st overtime period - Shot by William Nylander.
2:18 of 1st overtime period - Goal by William Nylander - Kings : 3 - Flyers : 4.
Goals for this period are 0 for Kings vs 1 for Flyers.
Shots for this period are 1 for Kings vs 3 for Flyers.